 Dungeon Crawl Stone Soup version 0.31-a0-198-g2ad674f65e (webtiles) character file.

Game seed: 5149535635836606122

70 qw the Shooter (level 4, -2/25 HPs)
             Began as a Deep Elf Hunter on June 25, 2023.
             Slain by a phantom (4 damage)
             ... on level 3 of the Dungeon.
             The game lasted 00:00:38 (1889 turns).

qw the Shooter (Deep Elf Hunter)                    Turns: 1889, Time: 00:00:38

Health: -2/25      AC:  4    Str: 10    XL:     4   Next: 3%
Magic:  6/6        EV: 12    Int: 14    God:
Gold:   896        SH:  0    Dex: 18    Spells: 3/3 levels left

rFire   . . .        Y - +0 shortbow
rCold   . . .        (shield currently unavailable)
rNeg    . . .        c - +0 leather armour
rPois   .            (no helmet)
rElec   .            (no cloak)
rCorr   +            (no gloves)
SInv    .            h - +0 pair of boots
Will    .....        i - amulet of regeneration
Stlth   ++           f - ring of resist corrosion
HPRegen 1.04/turn    (no ring)
MPRegen 0.10/turn

%: no passive effects
@: no status effects
A: no striking features
a: no special abilities


You were on level 3 of the Dungeon.
You visited 1 branch of the dungeon, and saw 3 of its levels.

You collected 896 gold pieces.


   Skills:
 - Level 1.5 Fighting
 + Level 7.4 Ranged Weapons
 - Level 2.4 Dodging
 - Level 1.2 Stealth


You had 3 spell levels left.
You didn't know any spells.
Your spell library was empty.

Inventory:

Hand Weapons
 Y - a +0 shortbow (weapon)
Armour
 c - a +0 leather armour (worn)
 h - a +0 pair of boots (worn)
Jewellery
 f - a ring of resist corrosion (left hand)
 i - an amulet of regeneration (around neck)
Potions
 a - a potion of haste {unknown}
 b - a potion of cancellation {unknown}
 d - a potion of invisibility {unknown}
 e - a potion of magic {unknown}

Dungeon Overview and Level Annotations

Branches:
Dungeon (3/15)

Altars:
Gozag
Trog

Shops:
D:2 *

Annotations:
D:3 3 runed translucent doors, qw's ghost, amateur DEHu


Message History

The phantom hits you but does no damage.
You shoot an arrow. The arrow closely misses the phantom.
The phantom hits you. x2; The phantom blinks!
You blink.
Enter note: You shoot an arrow.
The arrow closely misses the phantom.
The phantom barely misses you. The orc hits you but does no damage.
You shoot an arrow. The arrow barely misses the phantom.
The phantom hits you. The orc hits you but does no damage.
You shoot an arrow. The arrow closely misses the phantom.
The phantom closely misses you. The orc misses you.
You shoot an arrow. The arrow barely misses the phantom.
The phantom barely misses you. The orc hits you but does no damage.
You shoot an arrow. The arrow hits the phantom!
The phantom is severely damaged.
The phantom barely misses you. The orc hits you but does no damage.
You shoot an arrow. The arrow barely misses the phantom.
The phantom hits you but does no damage.
The orc hits you with a +0 dagger.
You shoot an arrow. The arrow barely misses the phantom.
The phantom closely misses you. The orc barely misses you.
You shoot an arrow. The arrow closely misses the phantom.
The phantom barely misses you. The orc hits you with a +0 dagger.
You shoot an arrow. The arrow hits the phantom.
The phantom is severely damaged.
The phantom barely misses you. The orc closely misses you.
You shoot an arrow. The arrow misses the phantom.
The phantom hits you. The orc hits you with a +0 dagger.
You shoot an arrow.
The arrow hits the phantom but does no damage.
The phantom is severely damaged.
The phantom hits you but does no damage.
The orc hits you but does no damage. The phantom barely misses you.
The orc hits you but does no damage.
You shoot an arrow.
The arrow hits the phantom but does no damage.
The phantom is severely damaged.
The phantom hits you.
The phantom blinks!
You blink.
You shoot an arrow. The arrow barely misses the phantom.
The phantom hits you.
You die...

......'.###....######
......#..#.....##...#
......##.....####.#.#
......###>........#.#
###...###.##.######.#
....+...##.#....#.#
##...######.. #....#
..... ...##.W###
#...# ....#@.#
.....#o.# ....>#..#
#.¤# #.¤# #..# ...#
.##.# ## #.#


You could see a phantom and an orc.

Vanquished Creatures
  2 adders (D:2)
  2 dart slugs (D:1)
  3 orcs (D:3)
  6 ball pythons
  5 bats
  2 endoplasms (D:2)
  2 giant cockroaches
  2 goblins (D:1)
  4 hobgoblins
  2 kobolds (D:2)
  5 quokkas
  2 frilled lizards (D:2)
  3 rats
40 creatures vanquished.

Notes
Turn   | Place    | Note
-------+----------+-------------------------------------------
     0 | D:1      | qw the Deep Elf Hunter began the quest for the Orb.
     0 | D:1      | Reached XP level 1. HP: 12/12 MP: 3/3
     0 | D:1      | 0 ||| qw: Version: 0.3-a-22-g0ed2b0b
     0 | D:1      | 0 ||| qw: Game counter: 5215
     0 | D:1      | 0 ||| qw: Melee chars always use a shield: true
     0 | D:1      | 0 ||| qw: God list: Okawaru
     0 | D:1      | 0 ||| qw: Allow faded altars: false
     0 | D:1      | 0 ||| qw: Do Orc after clearing Dungeon:15 true
     0 | D:1      | 0 ||| qw: Do second Lair branch before Depths: true
     0 | D:1      | 0 ||| qw: Lair rune preference: random
     0 | D:1      | 0 ||| qw: Goals: Normal
     0 | D:1      | 0 ||| PLANNING D:1-11
   243 | D:1      | 243 ||| FLEEEEING.
   256 | D:1      | Reached skill level 6 in Ranged Weapons
   256 | D:1      | Reached XP level 2. HP: 15/16 MP: 4/4
   780 | D:1      | 780 ||| UPGRADING to +0 pair of boots.
   785 | D:1      | 785 ||| UPGRADING to ring of resist corrosion.
   786 | D:1      | 786 ||| READING scroll labelled DIL EHOSHO.
   790 | D:1      | 790 ||| DRINKING 2 coppery potions.
   791 | D:1      | 791 ||| DROPPING scroll of butterflies.
   954 | D:2      | Found Peenui's Assorted Antiques.
   994 | D:2      | Reached XP level 3. HP: 20/20 MP: 5/5
  1165 | D:2      | Reached skill level 7 in Ranged Weapons
  1360 | D:2      | Found a bloodstained altar of Trog.
  1422 | D:2      | HP: 5/20 [adder (2)]
  1423 | D:2      | 1423 ||| READING scroll of teleportation.
  1425 | D:2      | 1425 ||| DRINKING potion of curing.
  1425 | D:2      | 1425 ||| (to cure poison)
  1649 | D:2      | 1649 ||| UPGRADING to amulet of regeneration.
  1654 | D:2      | 1654 ||| READING scroll labelled XAISHI HIFUOXO.
  1655 | D:2      | 1655 ||| READING scroll labelled LOCISUNAUS.
  1664 | D:2      | 1664 ||| READING scroll labelled PEUXKUMANY.
  1664 | D:2      | Identified a scroll of acquirement
  1664 | D:2      | 1664 ||| ACQUIRING 794 gold pieces
  1664 | D:2      | Acquired 794 gold pieces
  1795 | D:3      | Found a runed translucent gate.
  1795 | D:3      | Found a runed translucent gate.
  1795 | D:3      | Found a runed translucent gate.
  1796 | D:3      | Found an opulent altar of Gozag.
  1798 | D:3      | Noticed qw's ghost (amateur DEHu)
  1823 | D:3      | Reached XP level 4. HP: 25/25 MP: 6/6
  1861 | D:3      | Noticed a phantom
  1876 | D:3      | HP: 6/25 [phantom (4)]
  1886 | D:3      | HP: 5/25 [phantom (5)]
  1886 | D:3      | HP: 1/25 [orc/+0 dagger (4)]
  1889 | D:3      | Slain by a phantom

Levels and vault maps discovered:
D:1:      roderic_dead_forest, layout_basic
D:2:      layout_loops_corners, basic_altar, serial_shops, shop_statue
D:3:      layout_basic, ebering_ghost_gozag

Skill      XL: |  1  2  3 |
---------------+----------+-----
Ranged Weapons | 6 7 |  7.4
Fighting       | |  1.5
Dodging        | |  2.4
Stealth        | |  1.2

Action                     |  1- 3 |  4- 6 || total
---------------------------+-------+-------++-------
   Fire: Shortbow          |   101 |    29 ||   130
    Use: Scroll            |     5 |       ||     5
         Potion            |     2 |       ||     2
 Armour: Leather armour    |     9 |    10 ||    19
  Dodge: Dodged            |    16 |    14 ||    30

Table legend:
 A = Non-vault XP
 B = Vault XP
 C = Vault XP percentage of total XP
 D = Non-vault monster count
 E = Vault monster count
 F = Vault count percentage of total count
                 A         B        C        D         E       F
            +---------+---------+-------+---------+---------+-------
      Total |     100 |       0 |   0.0 |      40 |       0 |   0.0
            +---------+---------+-------+---------+---------+-------
        D:1 |      29 |       0 |   0.0 |      15 |       0 |   0.0
        D:2 |      56 |       0 |   0.0 |      19 |       0 |   0.0
        D:3 |      15 |       0 |   0.0 |       6 |       0 |   0.0
            +---------+---------+-------+---------+---------+-------
